PBL
CALGARY FLAMES @ KELOWNA HEAT
09/22/2049
 
TOP OF THE 1ST
Calgary Flames batting - Pitching for Kelowna Heat : RHP Eric McBryde
Pitching: RHP Eric McBryde
Batting: SHB Yu-hsui Lew 0-0: Ball
1-0: Ball
2-0: Fly out, F6 (Popup, 56, EV 66.9 MPH)
Batting: RHB Andre Thompson 0-0: Swinging Strike
0-1: Ball
1-1: Called Strike
1-2: Ball
2-2: Ball
3-2: Strikes out swinging
Batting: SHB Steve Wipf 0-0: Reached on error, E4 (Groundball, 4, EV 103.1 MPH)
Batting: RHB Tyler Johnson 0-0: SINGLE (Groundball, 13S, EV 68.1 MPH) (infield hit)
Steve Wipf to third
Batting: RHB Alejandro Patron 0-0: Swinging Strike
0-1: Swinging Strike
0-2: Ball
1-2: Strikes out swinging
Top of the 1st over - 0 runs, 1 hit, 1 error, 2 left on base; Calgary 0 - Kelowna 0
BOTTOM OF THE 1ST
Kelowna Heat batting - Pitching for Calgary Flames : RHP Jarrod Boncek
Pitching: RHP Jarrod Boncek
Batting: LHB Willy Berrios 0-0: Ball
1-0: Ball
2-0: Called Strike
2-1: Ball
3-1: Foul Ball, location: 2F
3-2: Foul Ball, location: 2F
3-2: Foul Ball, location: 2F
3-2: Foul Ball, location: 2F
3-2: Foul Ball, location: 2F
3-2: Base on Balls
Batting: RHB Sean Gilbert 0-0: Ball
1-0: 2-RUN HOME RUN (Flyball, 7LD, EV 96.9 MPH), Distance : 353 ft
Batting: LHB Billy Lang 0-0: Ball
1-0: Ball
2-0: Foul Ball, location: 2F
2-1: Foul Ball, location: 2F
2-2: Strikes out swinging
Batting: LHB Alex Larangho 0-0: Ball
1-0: Called Strike
1-1: Foul Ball, location: 2F
1-2: Strikes out looking
Batting: RHB Mike Storey 0-0: Ball
1-0: Ball
2-0: Ball
3-0: Called Strike
3-1: Called Strike
3-2: Strikes out swinging
Bottom of the 1st over - 2 runs, 1 hit, 0 errors, 0 left on base; Calgary 0 - Kelowna 2
TOP OF THE 2ND
Calgary Flames batting - Pitching for Kelowna Heat : RHP Eric McBryde
Batting: RHB Juan Mercado 0-0: Foul Ball, location: 2F
0-1: Ball
1-1: Swinging Strike
1-2: Ball
2-2: Foul Ball, location: 2F
2-2: SINGLE (Line Drive, 89S, EV 91.2 MPH)
Batting: LHB Greg Robertson 0-0: Called Strike
0-1: Called Strike
0-2: Ball
1-2: Ball
2-2: Ball
3-2: Strikes out swinging
Batting: RHB Pablo Henriquez 0-0: Ball
1-0: Swinging Strike
1-1: Ball
2-1: Ball
3-1: Foul Ball, location: 2F
3-2: Foul Ball, location: 2F
3-2: Foul Ball, location: 2F
3-2: Fly out, F8 (Line Drive, 8LM, EV 91.9 MPH)
Batting: RHB Chad Stady 0-0: Ground out 5-3 (Groundball, 5D, EV 98.8 MPH)
Top of the 2nd over - 0 runs, 1 hit, 0 errors, 1 left on base; Calgary 0 - Kelowna 2
BOTTOM OF THE 2ND
Kelowna Heat batting - Pitching for Calgary Flames : RHP Jarrod Boncek
Batting: SHB Michael Woodard 0-0: Called Strike
0-1: Ball
1-1: Called Strike
1-2: Fly out, F9 (Line Drive, 9, EV 100.6 MPH)
Batting: LHB Robert Leary 0-0: Called Strike
0-1: Ball
1-1: Ball
2-1: Fly out, F4 (Popup, 34D, EV 56.2 MPH)
Batting: RHB Glen Limeburner 0-0: Called Strike
0-1: Swinging Strike
0-2: Ball
1-2: Ball
2-2: Strikes out swinging
Bottom of the 2nd over - 0 runs, 0 hits, 0 errors, 0 left on base; Calgary 0 - Kelowna 2
TOP OF THE 3RD
Calgary Flames batting - Pitching for Kelowna Heat : RHP Eric McBryde
Batting: SHB Yu-hsui Lew 0-0: Ball
1-0: SINGLE (Line Drive, 9S, EV 100.0 MPH)
Batting: RHB Andre Thompson 0-0: Ball
1-0: Fielders Choice at 2nd, 6-4 (Groundball, 6, EV 80.6 MPH)
Batting: SHB Steve Wipf 0-0: Ground out 4-3 (Groundball, 34, EV 90.0 MPH)
Andre Thompson to second
Batting: RHB Tyler Johnson 0-0: Ball
1-0: Ball
2-0: Called Strike
2-1: Ball
3-1: Called Strike
3-2: Strikes out swinging
Top of the 3rd over - 0 runs, 1 hit, 0 errors, 1 left on base; Calgary 0 - Kelowna 2
BOTTOM OF THE 3RD
Kelowna Heat batting - Pitching for Calgary Flames : RHP Jarrod Boncek
Batting: RHB Jason Fink 0-0: Ball
1-0: Ground out 4-3 (Groundball, 4M, EV 81.2 MPH)
Batting: LHB Willy Berrios 0-0: Called Strike
0-1: Ball
1-1: Ground out 5-3 (Groundball, 5, EV 99.4 MPH)
Batting: RHB Sean Gilbert 0-0: Ball
1-0: Foul Ball, location: 2F
1-1: Ball
2-1: Fly out, F7 (Line Drive, 78M, EV 101.9 MPH)
Bottom of the 3rd over - 0 runs, 0 hits, 0 errors, 0 left on base; Calgary 0 - Kelowna 2
TOP OF THE 4TH
Calgary Flames batting - Pitching for Kelowna Heat : RHP Eric McBryde
Batting: RHB Alejandro Patron 0-0: Ball
1-0: Called Strike
1-1: Ball
2-1: Swinging Strike
2-2: Foul Ball, location: 2F
2-2: Ball
3-2: Foul Ball, location: 2F
3-2: Foul Ball, location: 2F
3-2: Foul Ball, location: 2F
3-2: Strikes out swinging
Batting: RHB Juan Mercado 0-0: Called Strike
0-1: Foul Ball, location: 2F
0-2: Ground out 6-3 (Groundball, 6, EV 96.9 MPH)
Batting: LHB Greg Robertson 0-0: Foul Ball, location: 2F
0-1: SINGLE (Flyball, 3D, EV 88.1 MPH)
Batting: RHB Pablo Henriquez 0-0: Called Strike
0-1: Swinging Strike
0-2: Ball
1-2: Foul Ball, location: 2F
1-2: Ball
2-2: Ground out 4-3 (Groundball, 34, EV 100.6 MPH)
Top of the 4th over - 0 runs, 1 hit, 0 errors, 1 left on base; Calgary 0 - Kelowna 2
BOTTOM OF THE 4TH
Kelowna Heat batting - Pitching for Calgary Flames : RHP Jarrod Boncek
Batting: LHB Billy Lang 0-0: Called Strike
0-1: Foul Ball, location: 2F
0-2: Ball
1-2: SINGLE (Flyball, 56D, EV 91.9 MPH)
Batting: LHB Alex Larangho 0-0: Foul Ball, location: 2F
0-1: Foul Ball, location: 2F
0-2: Ball
1-2: Ball
2-2: Strikes out swinging
Batting: RHB Mike Storey 0-0: Called Strike
0-1: Foul Ball, location: 2F
0-2: Ball
1-2: Ball
2-2: Foul Ball, location: 2F
2-2: Ball
3-2: Base on Balls
Billy Lang to second
Batting: SHB Michael Woodard 0-0: Fly out, F7 (Line Drive, 7, EV 95.0 MPH)
Batting: LHB Robert Leary 0-0: Called Strike
0-1: Foul Ball, location: 2F
0-2: Strikes out looking
Bottom of the 4th over - 0 runs, 1 hit, 0 errors, 2 left on base; Calgary 0 - Kelowna 2
TOP OF THE 5TH
Calgary Flames batting - Pitching for Kelowna Heat : RHP Eric McBryde
Batting: RHB Chad Stady 0-0: Called Strike
0-1: Ball
1-1: Ball
2-1: SINGLE (Groundball, 6MD, EV 103.8 MPH)
Batting: SHB Yu-hsui Lew 0-0: Ball
1-0: Fielders Choice at 2nd, 6-4 (Groundball, 56, EV 105.0 MPH)
Batting: RHB Andre Thompson 0-0: Ball
1-0: Ball
2-0: Called Strike
2-1: Foul Ball, location: 2F
2-2: Strikes out looking
Batting: SHB Steve Wipf 0-0: Ball
1-0: Ball
2-0: Foul Ball, location: 2F
2-1: Called Strike
2-2: SINGLE (Groundball, 34D, EV 103.8 MPH)
Yu-hsui Lew to second
Runner from 2nd tries for 3rd, SAFE, throw by RF made to third
Batting: RHB Tyler Johnson 0-0: Ball
1-0: Fielders Choice at 2nd, 5-4 (Groundball, 5, EV 80.6 MPH)
Top of the 5th over - 0 runs, 2 hits, 0 errors, 2 left on base; Calgary 0 - Kelowna 2
BOTTOM OF THE 5TH
Kelowna Heat batting - Pitching for Calgary Flames : RHP Jarrod Boncek
Batting: RHB Glen Limeburner 0-0: Swinging Strike
0-1: Called Strike
0-2: Fly out, F8 (Flyball, 78D, EV 95.0 MPH)
Batting: RHB Jason Fink 0-0: Called Strike
0-1: Swinging Strike
0-2: Foul Ball, location: 2F
0-2: Ball
1-2: Ball
2-2: Strikes out swinging
Batting: LHB Willy Berrios 0-0: Ball
1-0: Ball
2-0: Called Strike
2-1: Ball
3-1: Called Strike
3-2: Base on Balls
Batting: RHB Sean Gilbert 0-0: Ball
1-0: Ball
Willy Berrios is caught stealing 2nd base 2-4
Bottom of the 5th over - 0 runs, 0 hits, 0 errors, 0 left on base; Calgary 0 - Kelowna 2
TOP OF THE 6TH
Calgary Flames batting - Pitching for Kelowna Heat : RHP Eric McBryde
Batting: RHB Alejandro Patron 0-0: Ball
1-0: Called Strike
1-1: Ball
2-1: Ball
3-1: Foul Ball, location: 2F
3-2: Foul Ball, location: 2F
3-2: Foul Ball, location: 2F
3-2: TRIPLE (Flyball, 78XD, EV 106.2 MPH)
Batting: RHB Juan Mercado 0-0: Called Strike
0-1: Ball
1-1: Foul Ball, location: 2F
1-2: Strikes out looking
Batting: LHB Greg Robertson 0-0: Ball
1-0: Called Strike
1-1: Foul Ball, location: 2F
1-2: Ball
2-2: 2-RUN HOME RUN (Flyball, 7D, EV 102.5 MPH), Distance : 386 ft
Batting: RHB Pablo Henriquez 0-0: Ground out 1-3 (Groundball, 15S, EV 71.2 MPH)
Batting: RHB Chad Stady 0-0: Ball
1-0: Called Strike
1-1: Swinging Strike
1-2: Fly out, F9 (Flyball, 9LS, EV 94.4 MPH)
Top of the 6th over - 2 runs, 2 hits, 0 errors, 0 left on base; Calgary 2 - Kelowna 2
BOTTOM OF THE 6TH
Kelowna Heat batting - Pitching for Calgary Flames : RHP Jarrod Boncek
Batting: RHB Sean Gilbert 0-0: Foul Ball, location: 2F
0-1: Ball
1-1: Foul Ball, location: 2F
1-2: Ball
2-2: Strikes out swinging
Batting: LHB Billy Lang 0-0: Swinging Strike
0-1: Foul Ball, location: 2F
0-2: Ball
1-2: Ball
2-2: Ball
3-2: Fly out, F8 (Line Drive, 8LM, EV 110.0 MPH)
Batting: LHB Alex Larangho 0-0: Ball
1-0: Fly out, F9 (Flyball, 9LS, EV 82.5 MPH)
Bottom of the 6th over - 0 runs, 0 hits, 0 errors, 0 left on base; Calgary 2 - Kelowna 2
TOP OF THE 7TH
Calgary Flames batting - Pitching for Kelowna Heat : RHP Eric McBryde
Pitching: RHP Cody Sharp
Batting: SHB Yu-hsui Lew 0-0: Ball
1-0: Ground out 4-3 (Groundball, 4D, EV 96.2 MPH)
Batting: RHB Andre Thompson 0-0: Ground out 6-3 (Groundball, 6, EV 86.9 MPH)
Batting: SHB Steve Wipf 0-0: Ball
1-0: Foul Ball, location: 2F
1-1: Ball
2-1: Ground out 3-1 (Groundball, 34, EV 93.8 MPH)
Top of the 7th over - 0 runs, 0 hits, 0 errors, 0 left on base; Calgary 2 - Kelowna 2
BOTTOM OF THE 7TH
Kelowna Heat batting - Pitching for Calgary Flames : RHP Jarrod Boncek
Batting: RHB Mike Storey 0-0: Swinging Strike
0-1: Ball
1-1: Ball
2-1: Called Strike
2-2: Foul Ball, location: 2F
2-2: Strikes out swinging
Batting: SHB Michael Woodard 0-0: Ball
1-0: Swinging Strike
1-1: Ball
2-1: SOLO HOME RUN (Flyball, 9D, EV 102.5 MPH), Distance : 376 ft
Batting: LHB Robert Leary 0-0: Fly out, F8 (Flyball, 8RM, EV 96.2 MPH)
Batting: RHB Glen Limeburner 0-0: Called Strike
0-1: Ball
1-1: Foul Ball, location: 2F
1-2: Foul Ball, location: 2F
1-2: Strikes out swinging
Bottom of the 7th over - 1 run, 1 hit, 0 errors, 0 left on base; Calgary 2 - Kelowna 3
TOP OF THE 8TH
Calgary Flames batting - Pitching for Kelowna Heat : RHP Cody Sharp
Batting: RHB Tyler Johnson 0-0: Ground out 6-3 (Groundball, 56, EV 107.5 MPH)
Pinch Hitting: LHB Li-zhu Song 0-0: Fly out, F2 (Popup, 2LF, EV 80.0 MPH)
Batting: RHB Juan Mercado 0-0: Called Strike
0-1: Ball
1-1: Ground out 4-3 (Groundball, 34, EV 105.0 MPH)
Top of the 8th over - 0 runs, 0 hits, 0 errors, 0 left on base; Calgary 2 - Kelowna 3
BOTTOM OF THE 8TH
Kelowna Heat batting - Pitching for Calgary Flames : RHP Jarrod Boncek
Pitching: RHP Dennis Seebacher
Now at 3B: Yu-hsui Lew
Now in CF: Li-zhu Song
Batting: RHB Jason Fink 0-0: Ball
1-0: Ball
2-0: Called Strike
2-1: Ground out 6-3 (Groundball, 56, EV 83.8 MPH)
Batting: LHB Willy Berrios 0-0: Ball
1-0: Ball
2-0: Ball
3-0: Base on Balls
Batting: RHB Sean Gilbert
Pinch Hitting: RHB Joey Black 0-0: Ball
1-0: Called Strike
1-1: Swinging Strike
1-2: Strikes out swinging
Pitching: RHP Tony Morales
Batting: LHB Billy Lang 0-0: Ball
1-0: Foul Ball, location: 2F
1-1: Ball
2-1: Ball
3-1: Base on Balls
Willy Berrios to second
Batting: LHB Alex Larangho 0-0: Ball
1-0: Called Strike
1-1: Foul Ball, location: 2F
1-2: Ball
2-2: Ball
3-2: Base on Balls
Willy Berrios to third
Billy Lang to second
Batting: RHB Mike Storey 0-0: Called Strike
0-1: Ball
1-1: Ball
2-1: Ball
3-1: Called Strike
3-2: Base on Balls
Willy Berrios scores
Billy Lang to third
Alex Larangho to second
Batting: SHB Michael Woodard 0-0: Ball
1-0: Ball
2-0: Ball
3-0: Called Strike
3-1: Foul Ball, location: 2F
3-2: Foul Ball, location: 2F
3-2: Foul Ball, location: 2F
3-2: Ground out U3 (Groundball, 34, EV 81.9 MPH)
Bottom of the 8th over - 1 run, 0 hits, 0 errors, 3 left on base; Calgary 2 - Kelowna 4
TOP OF THE 9TH
Calgary Flames batting - Pitching for Kelowna Heat : RHP Cody Sharp
Pitching: RHP Carlos Florez
Now at 3B: Soichi Kaneshiro
Pinch Hitting: SHB Shawnie Codbucket 0-0: Reached on error, E4 (Groundball, 4, EV 108.1 MPH)
Pinch Hitting: LHB Bruce Daley 0-0: Foul Ball, location: 2F
0-1: Ball
1-1: Ground out 4-3 (Groundball, 34D, EV 105.6 MPH)
Shawnie Codbucket to second
Pinch Hitting: RHB Ahmed Elezi 0-0: Ball
1-0: Swinging Strike
1-1: Swinging Strike
1-2: Foul Ball, location: 2F
1-2: Foul Ball, location: 2F
1-2: Ball
2-2: Strikes out looking
Batting: SHB Yu-hsui Lew 0-0: Ball
1-0: Fly out, F8 (Line Drive, 8LD, EV 91.9 MPH)
Top of the 9th over - 0 runs, 0 hits, 1 error, 1 left on base; Calgary 2 - Kelowna 4
Sunday, July 16th , 2023 - OOTP Baseball 24.6 Build 69